SAAA
HIALEAH DODOS @ MEMPHIS REDBIRDS
09/06/2042
 
TOP OF THE 1ST
Hialeah Dodos batting - Pitching for Memphis Redbirds : RHP Alan Mason
Pitching: RHP Alan Mason
Batting: RHB Sergio San Martín 0-0: Ball
1-0: Ball
2-0: Called Strike
2-1: Foul Ball, location: 2F
2-2: Strikes out swinging
Batting: LHB Richard Edwards 0-0: Ball
1-0: Foul Ball, location: 2F
1-1: Ball
2-1: Foul Ball, location: 2F
2-2: Ball
3-2: Ground out 4-3 (Groundball, 4, EV 88.1 MPH)
Batting: RHB Juan Reyes 0-0: Foul Ball, location: 2F
0-1: Ball
1-1: Ball
2-1: Ball
3-1: Base on Balls
Batting: LHB Keith Pick 0-0: Fly out, F7 (Flyball, 7D, EV 84.4 MPH)
Top of the 1st over - 0 runs, 0 hits, 0 errors, 1 left on base; Hialeah 0 - Memphis 0
BOTTOM OF THE 1ST
Memphis Redbirds batting - Pitching for Hialeah Dodos : RHP Aiden Dubhghall
Pitching: RHP Aiden Dubhghall
Batting: RHB Steve Marwat 0-0: Ground out 5-3 (Groundball, 5L, EV 86.2 MPH)
Batting: RHB Joël Pesci 0-0: Called Strike
0-1: Foul Ball, location: 2F
0-2: Strikes out swinging
Batting: RHB Ricardo Ojíto 0-0: Ball
1-0: Swinging Strike
1-1: Foul Ball, location: 2F
1-2: Ground out 4-3 (Groundball, 4, EV 89.4 MPH)
Bottom of the 1st over - 0 runs, 0 hits, 0 errors, 0 left on base; Hialeah 0 - Memphis 0
TOP OF THE 2ND
Hialeah Dodos batting - Pitching for Memphis Redbirds : RHP Alan Mason
Batting: LHB Gabriel Montoya 0-0: Swinging Strike
0-1: Ball
1-1: Ball
2-1: Fly out, F9 (Flyball, 9LS, EV 75.0 MPH)
Batting: LHB Ramón Morterero 0-0: Foul Ball, location: 2F
0-1: Called Strike
0-2: Strikes out swinging
Batting: RHB Chrysler Rodriguez 0-0: Ball
1-0: Swinging Strike
1-1: Called Strike
1-2: Ground out 4-3 (Groundball, 4MS, EV 72.5 MPH)
Top of the 2nd over - 0 runs, 0 hits, 0 errors, 0 left on base; Hialeah 0 - Memphis 0
BOTTOM OF THE 2ND
Memphis Redbirds batting - Pitching for Hialeah Dodos : RHP Aiden Dubhghall
Batting: LHB Rodney McClellan 0-0: Ball
1-0: Ball
2-0: Single, Error in OF, E7, batter to second base (Groundball, 5D, EV 94.4 MPH)
Batting: RHB Fraser Childs 0-0: Called Strike
0-1: Ball
1-1: Ball
2-1: Ball
3-1: Base on Balls
Batting: RHB Lorenzo Lobo 0-0: Ball
1-0: Ball
2-0: SINGLE (Line Drive, 78M, EV 91.2 MPH)
Rodney McClellan to third
Fraser Childs to second
Runner from 3rd tries for Home, SAFE, throw by CF to home
Batting: RHB Dave Bauer 0-0: Ball
1-0: Called Strike
1-1: Fielders Choice at 3rd, U5 (Groundball, 5L, EV 105.6 MPH)
Lorenzo Lobo to second
Batting: RHB Martin Clayton 0-0: Ball
1-0: Foul Ball, location: 2F
1-1: DOUBLE (Groundball, 5L, EV 105.6 MPH)
Lorenzo Lobo scores
Dave Bauer to third
Runner from 3rd tries for Home, SAFE, no throw by LF
Batting: RHB Chris Carson 0-0: Foul Ball, location: 2F
0-1: Ball
1-1: Ball
2-1: Ball
3-1: Swinging Strike
3-2: Base on Balls
Batting: RHB Steve Marwat 0-0: Foul Ball, location: 2F
0-1: Swinging Strike
0-2: Ball
1-2: Strikes out swinging
Batting: RHB Joël Pesci 0-0: Called Strike
0-1: SINGLE (Groundball, 6, EV 85.0 MPH) (infield hit)
Martin Clayton to third
Chris Carson to second
Batting: RHB Ricardo Ojíto 0-0: Called Strike
0-1: SINGLE (Groundball, 56D, EV 99.4 MPH)
Martin Clayton scores
Chris Carson to third
Joël Pesci to second
Runner from 3rd tries for Home, SAFE, throw by LF to home
Batting: LHB Rodney McClellan 0-0: Foul Ball, location: 2F
0-1: Foul Ball, location: 2F
0-2: Ball
1-2: Ball
2-2: Ball
Wild Pitch!
Joël Pesci to third
Ricardo Ojíto to second
3-2: Foul Ball, location: 2F
3-2: Ground out 5-3 (Groundball, 5, EV 89.4 MPH)
Bottom of the 2nd over - 5 runs, 5 hits, 1 error, 2 left on base; Hialeah 0 - Memphis 5
TOP OF THE 3RD
Hialeah Dodos batting - Pitching for Memphis Redbirds : RHP Alan Mason
Batting: RHB Eugene Bowman 0-0: Ball
1-0: Ball
2-0: Ball
3-0: Base on Balls
Batting: RHB Ray Covalt 0-0: Ball
1-0: Called Strike
1-1: Ball
2-1: Foul Ball, location: 2F
2-2: Ball
3-2: DOUBLE (Flyball, 8RD, EV 81.2 MPH)
Eugene Bowman to third
Batting: RHB Sergio San Martín 0-0: Ball
1-0: Swinging Strike
1-1: Swinging Strike
1-2: Strikes out swinging
Batting: LHB Richard Edwards 0-0: Ball
1-0: Foul Ball, location: 2F
1-1: Ball
2-1: Foul Ball, location: 2F
2-2: Ball
3-2: Base on Balls
Batting: RHB Juan Reyes 0-0: Called Strike
0-1: Ball
1-1: Foul Ball, location: 2F
1-2: Ball
2-2: Ball
3-2: Base on Balls
Eugene Bowman scores
Ray Covalt to third
Richard Edwards to second
Batting: LHB Keith Pick 0-0: Called Strike
0-1: Foul Ball, location: 2F
0-2: Ball
1-2: Fly out, F4 (Popup, 4M, EV 68.8 MPH)
Batting: LHB Gabriel Montoya 0-0: Fielders Choice at 2nd, U4 (Groundball, 4M, EV 100.6 MPH)
Top of the 3rd over - 1 run, 1 hit, 0 errors, 3 left on base; Hialeah 1 - Memphis 5
BOTTOM OF THE 3RD
Memphis Redbirds batting - Pitching for Hialeah Dodos : RHP Aiden Dubhghall
Batting: RHB Fraser Childs 0-0: Called Strike
0-1: Ball
1-1: Foul Ball, location: 2F
1-2: Foul Ball, location: 2F
1-2: Ball
2-2: Ball
3-2: Base on Balls
Batting: RHB Lorenzo Lobo 0-0: Called Strike
0-1: Ball
1-1: Foul Ball, location: 2F
1-2: Strikes out swinging
Batting: RHB Dave Bauer 0-0: Ball
1-0: Foul Ball, location: 2F
1-1: Foul Ball, location: 2F
1-2: Fielders Choice at 2nd, 6-4 (Groundball, 6, EV 88.1 MPH)
Pitching: RHP Wendell Drabek
Batting: RHB Martin Clayton 0-0: Swinging Strike
0-1: Ball
1-1: Ball
2-1: Foul Ball, location: 2F
2-2: Strikes out swinging
Bottom of the 3rd over - 0 runs, 0 hits, 0 errors, 1 left on base; Hialeah 1 - Memphis 5
TOP OF THE 4TH
Hialeah Dodos batting - Pitching for Memphis Redbirds : RHP Alan Mason
Batting: LHB Ramón Morterero 0-0: Swinging Strike
0-1: Ball
1-1: Ball
2-1: Ball
3-1: Foul Ball, location: 2F
3-2: SINGLE (Flyball, 5D, EV 90.6 MPH)
Batting: RHB Chrysler Rodriguez 0-0: Ball
1-0: Called Strike
1-1: Ball
2-1: Called Strike
2-2: Ball
3-2: Strikes out swinging
Batting: RHB Eugene Bowman 0-0: Called Strike
0-1: Swinging Strike
0-2: Ball
1-2: Ball
2-2: Strikes out swinging
Batting: RHB Ray Covalt 0-0: Swinging Strike
0-1: Called Strike
0-2: Ball
1-2: Strikes out swinging
Top of the 4th over - 0 runs, 1 hit, 0 errors, 1 left on base; Hialeah 1 - Memphis 5
BOTTOM OF THE 4TH
Memphis Redbirds batting - Pitching for Hialeah Dodos : RHP Wendell Drabek
Batting: RHB Chris Carson 0-0: Ball
1-0: Ball
2-0: Ball
3-0: Called Strike
3-1: Foul Ball, location: 2F
3-2: Foul Ball, location: 2F
3-2: Fly out, F9 (Flyball, 9S, EV 90.0 MPH)
Batting: RHB Steve Marwat 0-0: Ball
1-0: Called Strike
1-1: Ball
2-1: Foul Ball, location: 2F
2-2: Ground out 6-3 (Groundball, 56, EV 80.6 MPH)
Batting: RHB Joël Pesci 0-0: Called Strike
0-1: Ball
1-1: SINGLE (Groundball, 25, EV 72.5 MPH) (infield hit)
Batting: RHB Ricardo Ojíto 0-0: Called Strike
0-1: Ball
1-1: Foul Ball, location: 2F
1-2: Strikes out swinging
Bottom of the 4th over - 0 runs, 1 hit, 0 errors, 1 left on base; Hialeah 1 - Memphis 5
TOP OF THE 5TH
Hialeah Dodos batting - Pitching for Memphis Redbirds : RHP Alan Mason
Batting: RHB Sergio San Martín 0-0: Ball
1-0: SINGLE (Flyball, 56D, EV 91.9 MPH)
Batting: LHB Richard Edwards 0-0: Foul Ball, location: 2F
0-1: Ball
1-1: Ball
2-1: Foul Ball, location: 2F
2-2: Ball
3-2: SINGLE (Groundball, 3D, EV 103.8 MPH)
Sergio San Martín to second
Runner from 2nd tries for 3rd, SAFE, throw by RF made to third
Batting: RHB Juan Reyes 0-0: SINGLE (Groundball, 6MD, EV 100.0 MPH)
Sergio San Martín scores
Richard Edwards to second
Batting: LHB Keith Pick 0-0: Ball
1-0: Ball
2-0: Ball
3-0: Called Strike
3-1: Base on Balls
Richard Edwards to third
Juan Reyes to second
Pitching: LHP Dan Stokes
Batting: LHB Gabriel Montoya 0-0: Ball
1-0: Ground out U3 (Groundball, 34S, EV 67.5 MPH)
Richard Edwards scores
Juan Reyes to third
Keith Pick to second
Batting: LHB Ramón Morterero 0-0: DOUBLE (Groundball, 5L, EV 95.0 MPH)
Juan Reyes scores
Keith Pick scores
Batting: RHB Chrysler Rodriguez 0-0: Ball
1-0: Called Strike
1-1: Ball
2-1: Called Strike
2-2: Foul Ball, location: 2F
2-2: Foul Ball, location: 2F
2-2: Ball
3-2: SINGLE (Groundball, 6MD, EV 108.1 MPH)
Ramón Morterero to third
Runner from 3rd tries for Home, SAFE, no throw by CF
Batting: RHB Eugene Bowman 0-0: Called Strike
0-1: Fly out, F9 (Flyball, 89M, EV 73.8 MPH)
Batting: RHB Ray Covalt 0-0: Called Strike
0-1: Ball
1-1: Ball
2-1: Called Strike
2-2: Strikes out swinging, 2-3 out at first.
Top of the 5th over - 5 runs, 5 hits, 0 errors, 1 left on base; Hialeah 6 - Memphis 5
BOTTOM OF THE 5TH
Memphis Redbirds batting - Pitching for Hialeah Dodos : RHP Wendell Drabek
Batting: LHB Rodney McClellan 0-0: Ball
1-0: Foul Ball, location: 2F
1-1: Foul Ball, location: 2F
1-2: Ball
2-2: Fly out, F5 (Popup, 15S, EV 85.6 MPH)
Batting: RHB Fraser Childs 0-0: Called Strike
0-1: Foul Ball, location: 2F
0-2: Ball
1-2: Ball
2-2: Ball
3-2: Foul Ball, location: 2F
3-2: SINGLE (Groundball, 4MD, EV 96.9 MPH)
Pitching: RHP Jeffery Johnston
Batting: RHB Lorenzo Lobo 0-0: Called Strike
0-1: Swinging Strike
0-2: Fielders Choice at 2nd, 5-4 (Groundball, 56, EV 76.9 MPH)
Batting: RHB Dave Bauer 0-0: Ball
1-0: Swinging Strike
1-1: Called Strike
1-2: Ball
2-2: Ground out 4-3 (Groundball, 4, EV 84.4 MPH)
Bottom of the 5th over - 0 runs, 1 hit, 0 errors, 1 left on base; Hialeah 6 - Memphis 5
TOP OF THE 6TH
Hialeah Dodos batting - Pitching for Memphis Redbirds : LHP Dan Stokes
Batting: RHB Sergio San Martín 0-0: Ball
1-0: Swinging Strike
1-1: Foul Ball, location: 2F
1-2: Ball
2-2: SINGLE (Line Drive, 8RS, EV 88.8 MPH)
Batting: LHB Richard Edwards 0-0: Ball
1-0: Ball
2-0: Bunted foul
2-1: Bunted foul
2-2: DOUBLE (Line Drive, 3D, EV 95.0 MPH)
Sergio San Martín to third
Runner from 3rd tries for Home, SAFE, throw by RF to trailing runner, SAFE at third!
Batting: RHB Juan Reyes 0-0: Called Strike
0-1: Swinging Strike
0-2: Ball
1-2: Strikes out swinging
Batting: LHB Keith Pick 0-0: Ball
Wild Pitch!
Richard Edwards scores
1-0: Swinging Strike
1-1: Ball
2-1: Ball
3-1: Foul Ball, location: 2F
3-2: Base on Balls
Pitching: RHP Marc Olsen
Batting: LHB Gabriel Montoya 0-0: Swinging Strike
0-1: Ball
1-1: Called Strike
1-2: Ball
2-2: SINGLE (Groundball, 3D, EV 100.6 MPH)
Keith Pick to second
Runner from 2nd tries for 3rd, SAFE, no throw by RF
Batting: LHB Ramón Morterero 0-0: Ball
Gabriel Montoya steals 2nd base (no throw)
1-0: Called Strike
1-1: Foul Ball, location: 2F
1-2: Ground out 1-3 (Groundball, 25, EV 68.1 MPH)
Batting: RHB Chrysler Rodriguez 0-0: Fly out, F7 (Flyball, 7, EV 88.8 MPH)
Top of the 6th over - 2 runs, 3 hits, 0 errors, 2 left on base; Hialeah 8 - Memphis 5
BOTTOM OF THE 6TH
Memphis Redbirds batting - Pitching for Hialeah Dodos : RHP Jeffery Johnston
Batting: RHB Martin Clayton 0-0: Ball
1-0: Foul Ball, location: 2F
1-1: Ground out 1-3 (Groundball, P, EV 90.6 MPH)
Batting: RHB Chris Carson 0-0: Ball
1-0: SINGLE (Groundball, 6MD, EV 103.8 MPH)
Batting: RHB Steve Marwat 0-0: Swinging Strike
0-1: Called Strike
0-2: Fly out, F8 (Flyball, 8RM, EV 96.2 MPH)
Batting: RHB Joël Pesci 0-0: SINGLE (Groundball, 4MD, EV 101.2 MPH)
Chris Carson to second
Batting: RHB Ricardo Ojíto 0-0: SINGLE (Flyball, 7LS, EV 89.4 MPH)
Chris Carson to third
Joël Pesci to second
Runner from 3rd tries for Home, SAFE, throw by LF to home
Batting: LHB Rodney McClellan 0-0: Called Strike
0-1: Fly out, F8 (Flyball, 89M, EV 83.8 MPH)
Bottom of the 6th over - 1 run, 3 hits, 0 errors, 2 left on base; Hialeah 8 - Memphis 6
TOP OF THE 7TH
Hialeah Dodos batting - Pitching for Memphis Redbirds : RHP Marc Olsen
Batting: RHB Eugene Bowman 0-0: Called Strike
0-1: Foul Ball, location: 2F
0-2: Ball
1-2: DOUBLE (Flyball, 8RXD, EV 101.9 MPH)
Batting: RHB Ray Covalt 0-0: Called Strike
0-1: Ball
1-1: Ball
2-1: Swinging Strike
2-2: Fly out, F7 (Flyball, 7D, EV 86.2 MPH)
Batting: RHB Sergio San Martín 0-0: Ball
1-0: Ground out 6-3 (Groundball, 6, EV 78.8 MPH)
Batting: LHB Richard Edwards 0-0: Foul Ball, location: 2F
0-1: Swinging Strike
0-2: Ball
1-2: Ball
2-2: Foul Ball, location: 2F
2-2: Ball
3-2: Foul Ball, location: 2F
3-2: SINGLE (Groundball, 34D, EV 105.0 MPH)
Eugene Bowman to third
Eugene Bowman scores
Batting: RHB Juan Reyes 0-0: Ball
1-0: Called Strike
1-1: Foul Ball, location: 2F
1-2: Strikes out looking
Top of the 7th over - 1 run, 2 hits, 0 errors, 1 left on base; Hialeah 9 - Memphis 6
BOTTOM OF THE 7TH
Memphis Redbirds batting - Pitching for Hialeah Dodos : RHP Jeffery Johnston
Batting: RHB Fraser Childs 0-0: Ball
1-0: Foul Ball, location: 2F
1-1: Called Strike
1-2: Strikes out swinging
Batting: RHB Lorenzo Lobo 0-0: Ground out 4-3 (Groundball, 4, EV 85.6 MPH)
Batting: RHB Dave Bauer 0-0: Ball
1-0: Ground out 1-3 (Groundball, 15, EV 85.0 MPH)
Bottom of the 7th over - 0 runs, 0 hits, 0 errors, 0 left on base; Hialeah 9 - Memphis 6
TOP OF THE 8TH
Hialeah Dodos batting - Pitching for Memphis Redbirds : RHP Marc Olsen
Batting: LHB Keith Pick 0-0: Ball
1-0: Swinging Strike
1-1: DOUBLE (Line Drive, 8LXD, EV 103.8 MPH)
Pitching: RHP Ainanani Iosepa
Batting: LHB Gabriel Montoya 0-0: Ball
1-0: Swinging Strike
1-1: Called Strike
1-2: Foul Ball, location: 2F
1-2: Foul Ball, location: 2F
1-2: Ball
2-2: Strikes out swinging
Batting: LHB Ramón Morterero 0-0: Ball
1-0: Ball
2-0: Ball
3-0: Called Strike
3-1: Called Strike
3-2: Foul Ball, location: 2F
3-2: Foul Ball, location: 2F
3-2: Foul Ball, location: 2F
3-2: Foul Ball, location: 2F
3-2: Ground out 4-3 (Groundball, 4, EV 98.8 MPH)
Keith Pick to third
Batting: RHB Chrysler Rodriguez 0-0: Ball
1-0: Called Strike
1-1: Foul Ball, location: 2F
1-2: Ground out 4-3 (Groundball, 4, EV 78.1 MPH)
Top of the 8th over - 0 runs, 1 hit, 0 errors, 1 left on base; Hialeah 9 - Memphis 6
BOTTOM OF THE 8TH
Memphis Redbirds batting - Pitching for Hialeah Dodos : RHP Jeffery Johnston
Batting: RHB Martin Clayton 0-0: Ball
1-0: Called Strike
1-1: Foul Ball, location: 2F
1-2: Foul Ball, location: 2F
1-2: Ground out 5-3 (Groundball, 56S, EV 68.1 MPH)
Batting: RHB Chris Carson 0-0: Ball
1-0: Foul Ball, location: 2F
1-1: Ball
2-1: Foul Ball, location: 2F
2-2: Fly out, F7 (Flyball, 7S, EV 94.4 MPH)
Batting: RHB Steve Marwat 0-0: Foul Ball, location: 2F
0-1: Ball
1-1: Ball
2-1: Foul Ball, location: 2F
2-2: Ground out 6-3 (Groundball, 56, EV 87.5 MPH)
Bottom of the 8th over - 0 runs, 0 hits, 0 errors, 0 left on base; Hialeah 9 - Memphis 6
TOP OF THE 9TH
Hialeah Dodos batting - Pitching for Memphis Redbirds : RHP Ainanani Iosepa
Batting: RHB Eugene Bowman 0-0: Ball
1-0: Foul Ball, location: 2F
1-1: Foul Ball, location: 2F
1-2: Ball
2-2: Strikes out swinging
Batting: RHB Ray Covalt 0-0: Ball
1-0: Ball
2-0: Foul Ball, location: 2F
2-1: Ball
3-1: Foul Ball, location: 2F
3-2: Strikes out looking
Pitching: RHP Annamaya Rakhi
Batting: RHB Sergio San Martín 0-0: Ball
1-0: Called Strike
1-1: Foul Ball, location: 2F
1-2: Ball
2-2: Strikes out swinging
Top of the 9th over - 0 runs, 0 hits, 0 errors, 0 left on base; Hialeah 9 - Memphis 6
BOTTOM OF THE 9TH
Memphis Redbirds batting - Pitching for Hialeah Dodos : RHP Jeffery Johnston
Pitching: LHP Hakan Yilmanz
Batting: RHB Joël Pesci 0-0: Called Strike
0-1: Ball
1-1: SINGLE (Groundball, 56S, EV 71.2 MPH) (infield hit)
Batting: RHB Ricardo Ojíto 0-0: Ball
1-0: Called Strike
1-1: Swinging Strike
1-2: Foul Ball, location: 2F
1-2: Ball
2-2: Strikes out looking
Batting: LHB Rodney McClellan 0-0: Swinging Strike
0-1: Called Strike
0-2: Ball
1-2: Strikes out swinging
Batting: RHB Fraser Childs 0-0: Ball
1-0: Foul Ball, location: 2F
1-1: Called Strike
1-2: Foul Ball, location: 2F
1-2: SINGLE (Line Drive, 9S, EV 91.9 MPH)
Joël Pesci to second
Batting: RHB Lorenzo Lobo 0-0: Foul Ball, location: 2F
0-1: Foul Ball, location: 2F
0-2: Ball
1-2: Fielders Choice at 2nd, 6-4 (Groundball, 6, EV 85.6 MPH)
Bottom of the 9th over - 0 runs, 2 hits, 0 errors, 2 left on base; Hialeah 9 - Memphis 6
Friday, March 26th, 2021 - OOTP Baseball 20.8 Build 74